 Dungeon Crawl Stone Soup version 0.27-a0-808-g60bc5d92e6 (webtiles) character file.

Game seed: 7376105543690152681

44 jestyr24 the Sneak (level 3, 0/16 HPs)
             Began as a Spriggan Conjurer on Mar 29, 2021.
             Succumbed to an adder's poison
             ... on level 2 of the Dungeon.
             The game lasted 00:09:42 (1596 turns).

jestyr24 the Sneak (Spriggan Conjurer)              Turns: 1596, Time: 00:09:42

Health: 0/16       AC:  2    Str:  3    XL:     3   Next: 41%
Magic:  1/8        EV: 17    Int: 20    God:
Gold:   46         SH:  0    Dex: 13    Spells: 7/8 levels left

rFire    . . .     SeeInvis +   i - +0 dagger
rCold    . . .     Faith    .   (shield restricted)
rNeg     . . .     Spirit   .   a - +0 robe
rPois    .         Reflect  .   (helmet restricted)
rElec    .         Harm     .   (no cloak)
rCorr    .         Rampage  .   (gloves unavailable)
Will     .....                  (boots unavailable)
Stlth    ++........             (no amulet)
HPRegen  0.05/turn              (no ring)
MPRegen  0.11/turn              (no ring)

@: lethally poisoned (0 -> -4), very quick
A: very small, no large weapons, unfitting armour, see invisible, speed 3
a: no special abilities


You were on level 2 of the Dungeon.
You visited 1 branch of the dungeon, and saw 2 of its levels.

You collected 46 gold pieces.

Inventory:

Hand Weapons
 e - a +0 hunting sling
 i - a +0 dagger (weapon)
Missiles
 d - 19 sling bullets
 f - a throwing net
 h - 37 stones
Armour
 a - a +0 robe (worn)
Scrolls
 g - a scroll of torment {unknown}
 j - a scroll of teleportation {unknown}
Potions
 b - a potion of invisibility {unknown}
 c - a potion of curing {unknown}


   Skills:
 * Level 0.3 Slings
 + Level 3.0 Dodging
 * Level 3.7 Stealth
 + Level 3.3 Spellcasting
 - Level 3.4 Conjurations


You had 7 spell levels left.
You knew the following spells:

 Your Spells              Type           Power      Damage    Failure   Level
a - Magic Dart            Conj           68%        1d6       3%          1

Your spell library contained the following spells:

 Spells                   Type           Power      Damage    Failure   Level
 Searing Ray              Conj           34%        3d4       4%          2
 Dazzling Flash           Conj/Hex       20%        N/A       21%         3
 Fulminant Prism          Conj/Hex       5%         3d7       56%         4
 Iskenderun's Mystic Bla  Conj/Tloc      10%        2d4       56%         4


Dungeon Overview and Level Annotations

Branches:
Dungeon (2/15)

Altars:


Innate Abilities, Weirdness & Mutations

You are very small and have problems with some larger weapons.
You are too small for most types of armour.
You have supernaturally acute eyesight. (SInv)
You cover ground extremely quickly. (Speed+++)


Message History

The adder is lightly wounded.
Aiming: Magic Dart (safe; 3% risk of failure)
Press: ? - help, Q - select action, (/) - cycle Shift-Dir - straight line, f/p - adder
Aim: an adder (lightly wounded, 0% to evade)
The magic dart hits the adder.
The adder is lightly wounded.
Aiming: Magic Dart (safe; 3% risk of failure)
Press: ? - help, Q - select action, (/) - cycle Shift-Dir - straight line, f/p - adder
Aim: an adder (lightly wounded, 0% to evade)
The magic dart hits the adder.
The adder is heavily wounded.
You don't have enough magic to cast this spell.
Unknown command.
The adder bites you.
You are poisoned.
The adder poisons you!
You closely miss the adder.
The adder is heavily wounded.
You feel sick. The adder misses you.
You barely miss the adder.
The adder is heavily wounded.
You feel sick. The adder closely misses you.
You hit the adder.
The adder is severely wounded.
You feel sick. The adder bites you.
You are more poisoned.
The adder poisons you! The adder bites you.
You are lethally poisoned!
The adder poisons you!
Your magical contamination has completely faded away.
You feel sick.
* * * LOW HITPOINT WARNING * * *
You feel sick.
* * * LOW HITPOINT WARNING * * *
You feel sick.
* * * LOW HITPOINT WARNING * * *
You feel sick.
* * * LOW HITPOINT WARNING * * *
You feel sick.
You die...

#...#####.#.#.#.. #.##
##...#####.#.#.#.# #...
...........#.#.#.# #..# ####
####.####..#.#...#####.#..# ....
#.......#..#.#.......#.#..#....
#+#.##.##.<............#..#..## .
........#.####.#####.###..#...#..
...###..#>.......................
...+....#.......@..S.............
...####.#.##########.#.##........
#.#.....#.# #.#..+........
#.#.#####.##########.####...†...#
#.#.# #.##.........# #...†...#
#.# #.##.######### #.......# #.#
#.#.......# #..[....# #.#
#)#..####.#######.......# #.#
#.#...................#.#


You could see an adder.

Vanquished Creatures
  A worm (D:2)
  A dart slug (D:1)
  3 bats (D:1)
  3 endoplasms
  2 giant cockroaches
  3 goblins (D:1)
  A hobgoblin (D:1)
  5 jackals (D:1)
  3 quokkas (D:1)
  4 ball pythons (D:1)
  3 frilled lizards
  2 kobolds (D:1)
  7 rats
38 creatures vanquished.

Notes
Turn   | Place    | Note
-------+----------+-------------------------------------------
     0 | D:1      | jestyr24 the Spriggan Conjurer began the quest for the Orb.
     0 | D:1      | Reached XP level 1. HP: 9/9 MP: 5/5
   203 | D:1      | Reached XP level 2. HP: 13/13 MP: 1/6
   922 | D:1      | Reached XP level 3. HP: 16/16 MP: 4/8
  1596 | D:2      | Succumbed to an adder's poison

Illustrated notes

Levels and vault maps discovered:
D:1:      saegor_arrival_simple_e, layout_basic
D:2:      layout_basic

Skill      XL: |  1  2  3 |
---------------+----------+-----
Conjurations   | 3 |  3.4
Spellcasting   | 3 |  3.3
Dodging        | 3 |  3.0
Slings         | |  0.3
Stealth        | |  3.7

Action                   || total
-------------------------++-------
Melee: Dagger            ||     4
 Fire: Hunting sling     ||     2
 Cast: Magic Dart        ||    81
Dodge: Dodged            ||     7

Table legend: (Time is in decaauts)
 A = Elapsed time spent in this place.
 B = Non-inter-level travel time spent in this place.
 C = Inter-level travel time spent in this place.
 D = Time resting spent in this place.
 E = Time spent auto-exploring this place.
 F = Levels seen in this place.
 G = Mean time per level.
                   A        B        C        D        E       F      G
               +--------+--------+--------+--------+--------+-----+--------+
         Total |   1255 |   1231 |     24 |    423 |    587 |   2 |  627.5 |
       Dungeon |   1255 |   1231 |     24 |    423 |    587 |   2 |  627.5 |
               +--------+--------+--------+--------+--------+-----+--------+

Top non-repeatable levels by time:
     D:1: 1080 daAuts
     D:2: 175 daAuts
